| TOP OF THE 1ST |
|
Roswell Invaders batting - Pitching for Joplin Blasters : RHP Justin Potts
|
|
Pitching: RHP Justin Potts
|
|
|
Batting: RHB Orlando Florez
|
0-0: Ball 1-0: Ball 2-0: Swinging Strike 2-1: Foul Ball, location: 2F 2-2: Strikes out swinging
|
|
Batting: SHB Ethan Newby
|
0-0: Ball 1-0: Called Strike 1-1: Ground out 5-3 (Groundball, 56S, EV 85.0 MPH)
|
|
Batting: LHB Dallas Kelly
|
0-0: Called Strike 0-1: Swinging Strike 0-2: Strikes out swinging
|
| Top of the 1st over - 0 runs, 0 hits, 0 errors, 0 left on base; Roswell 0 - Joplin 0 |
| BOTTOM OF THE 1ST |
|
Joplin Blasters batting - Pitching for Roswell Invaders : RHP John Palumbo
|
|
Pitching: RHP John Palumbo
|
|
|
Batting: RHB Dave Saldana
|
0-0: Ball 1-0: Foul Ball, location: 2F 1-1: Ground out U3 (Groundball, 34, EV 100.0 MPH)
|
|
Batting: LHB David Bearden
|
0-0: Ball 1-0: Swinging Strike 1-1: Swinging Strike 1-2: Strikes out swinging
|
|
Batting: RHB Bobby Matyas
|
0-0: Reached on error, E5 (Groundball, 56S, EV 84.4 MPH)
|
|
Batting: LHB Josh Dalton
|
Pickoff Throw to First - Out! 1-3
|
| Bottom of the 1st over - 0 runs, 0 hits, 1 error, 0 left on base; Roswell 0 - Joplin 0 |
| TOP OF THE 2ND |
|
Roswell Invaders batting - Pitching for Joplin Blasters : RHP Justin Potts
|
|
Batting: RHB Mike Swift
|
0-0: Ground out 5-3 (Groundball, 56, EV 106.9 MPH)
|
|
Batting: RHB Josh Burrows
|
0-0: Called Strike 0-1: Foul Ball, location: 2F 0-2: Strikes out looking
|
|
Batting: LHB Josh Thomas
|
0-0: Called Strike 0-1: Foul Ball, location: 2F 0-2: Strikes out looking
|
| Top of the 2nd over - 0 runs, 0 hits, 0 errors, 0 left on base; Roswell 0 - Joplin 0 |
| BOTTOM OF THE 2ND |
|
Joplin Blasters batting - Pitching for Roswell Invaders : RHP John Palumbo
|
|
Batting: LHB Josh Dalton
|
0-0: Ball 1-0: Foul Ball, location: 2F 1-1: Ball 2-1: Reached on error, E6 (Groundball, 6S, EV 88.8 MPH)
|
|
Batting: SHB Sean Hill
|
0-0: Ball Josh Dalton steals 2nd base 1-0: Foul Ball, location: 2F 1-1: Ball 2-1: Foul Ball, location: 2F 2-2: SINGLE (Flyball, 78S, EV 90.0 MPH) Josh Dalton to third
|
|
Batting: RHB Justin Goff
|
0-0: Called Strike 0-1: Ball 1-1: SINGLE (Flyball, 7LS, EV 89.4 MPH) Josh Dalton scores Sean Hill to second
|
|
Pitching: RHP Jake Priest
|
|
|
Batting: RHB Jason Birge
|
0-0: Grounds into double play, 4-6-3 (Groundball, 4, EV 82.5 MPH) Sean Hill to third
|
|
Batting: LHB Mike Bhatti
|
0-0: Ball 1-0: Ball 2-0: Called Strike 2-1: Reached on error, E7 (Flyball, 78D, EV 108.1 MPH) Sean Hill scores
|
|
Batting: RHB Carlos Santoni
|
0-0: Ball 1-0: Ball 2-0: Foul Ball, location: 2F 2-1: SINGLE (Groundball, 6MS, EV 73.1 MPH) (infield hit) Mike Bhatti to third
|
|
Batting: RHB Dave Saldana
|
0-0: SINGLE (Line Drive, 8LM, EV 102.5 MPH) Mike Bhatti scores Carlos Santoni to second Runner from 2nd tries for 3rd, SAFE, throw by CF made to third
|
|
Batting: LHB David Bearden
|
0-0: Ball 1-0: Foul Ball, location: 2F 1-1: Ball 2-1: SINGLE (Groundball, 4MD, EV 101.2 MPH) (infield hit) Carlos Santoni scores Dave Saldana to second
|
|
Batting: RHB Bobby Matyas
|
0-0: Foul Ball, location: 2F 0-1: DOUBLE (Groundball, 5L, EV 105.0 MPH) Dave Saldana scores David Bearden to third Runner from 3rd tries for Home, SAFE, throw by LF to trailing runner, OUT at third! 7-3-5
|
| Bottom of the 2nd over - 6 runs, 6 hits, 2 errors, 0 left on base; Roswell 0 - Joplin 6 |
| TOP OF THE 3RD |
|
Roswell Invaders batting - Pitching for Joplin Blasters : RHP Justin Potts
|
|
Batting: RHB Cody Savastand
|
0-0: Called Strike 0-1: Swinging Strike 0-2: Ball 1-2: Ball 2-2: Ball 3-2: Strikes out swinging
|
|
Batting: LHB Afanasy Apatenko
|
0-0: Ball 1-0: Foul Ball, location: 2F 1-1: Foul Ball, location: 2F 1-2: Strikes out looking
|
|
Batting: LHB Falco van Koeveringe
|
0-0: Swinging Strike 0-1: Foul Ball, location: 2F 0-2: Ball 1-2: Strikes out swinging
|
| Top of the 3rd over - 0 runs, 0 hits, 0 errors, 0 left on base; Roswell 0 - Joplin 6 |
| BOTTOM OF THE 3RD |
|
Joplin Blasters batting - Pitching for Roswell Invaders : RHP Jake Priest
|
|
Batting: LHB Josh Dalton
|
0-0: Called Strike 0-1: Swinging Strike 0-2: Ground out 4-3 (Groundball, 4, EV 101.9 MPH)
|
|
Pitching: RHP Jeff Whaley
|
|
|
Batting: SHB Sean Hill
|
0-0: Ball 1-0: Fly out, F7 (Flyball, 7, EV 83.1 MPH)
|
|
Batting: RHB Justin Goff
|
0-0: Called Strike 0-1: DOUBLE (Line Drive, 89D, EV 106.9 MPH)
|
|
Batting: RHB Jason Birge
|
0-0: Ground out 6-3 (Groundball, 56, EV 103.8 MPH)
|
| Bottom of the 3rd over - 0 runs, 1 hit, 0 errors, 1 left on base; Roswell 0 - Joplin 6 |
| TOP OF THE 4TH |
|
Roswell Invaders batting - Pitching for Joplin Blasters : RHP Justin Potts
|
|
Batting: RHB Orlando Florez
|
0-0: SINGLE (Groundball, 5S, EV 70.0 MPH) (infield hit)
|
|
Batting: SHB Ethan Newby
|
0-0: Swinging Strike 0-1: Ball 1-1: Called Strike 1-2: Strikes out swinging
|
|
Pitching: RHP Ryan Crump
|
|
|
Batting: LHB Dallas Kelly
|
0-0: Swinging Strike 0-1: Swinging Strike 0-2: Ball 1-2: Ball 2-2: Ball 3-2: Strikes out swinging
|
|
Batting: RHB Mike Swift
|
0-0: Ball 1-0: Ball 2-0: Foul Ball, location: 2F 2-1: Called Strike 2-2: Ball 3-2: Foul Ball, location: 2F 3-2: Foul Ball, location: 2F 3-2: Strikes out looking
|
| Top of the 4th over - 0 runs, 1 hit, 0 errors, 1 left on base; Roswell 0 - Joplin 6 |
| BOTTOM OF THE 4TH |
|
Joplin Blasters batting - Pitching for Roswell Invaders : RHP Jeff Whaley
|
|
Batting: LHB Mike Bhatti
|
0-0: Called Strike 0-1: Fly out, F8 (Flyball, 8RM, EV 91.9 MPH)
|
|
Batting: RHB Carlos Santoni
|
0-0: Ball 1-0: Ball 2-0: SINGLE (Flyball, 8RS, EV 96.9 MPH)
|
|
Batting: RHB Dave Saldana
|
0-0: SINGLE (Line Drive, 5D, EV 106.9 MPH) Carlos Santoni to second
|
|
Batting: LHB David Bearden
|
0-0: Called Strike 0-1: Ball 1-1: Called Strike 1-2: SINGLE (Groundball, 4MD, EV 105.0 MPH) Carlos Santoni to third Dave Saldana to second
|
|
Batting: RHB Bobby Matyas
|
0-0: Swinging Strike 0-1: DOUBLE (Line Drive, 8RD, EV 109.4 MPH) Carlos Santoni scores Dave Saldana scores David Bearden to third
|
|
Batting: LHB Josh Dalton
|
0-0: Ball 1-0: Ball Passed Ball! David Bearden scores Bobby Matyas to third 2-0: Ball 3-0: Base on Balls
|
|
Pitching: RHP Vinny Segura
|
|
|
Batting: SHB Sean Hill
|
0-0: Called Strike 0-1: Ball 1-1: Ball 2-1: Foul Ball, location: 2F 2-2: Ball 3-2: Foul Ball, location: 2F 3-2: Base on Balls Josh Dalton to second
|
|
Batting: RHB Justin Goff
|
0-0: Ball 1-0: Foul Ball, location: 2F 1-1: Ball 2-1: Ball 3-1: Swinging Strike 3-2: Foul Ball, location: 2F 3-2: Fly out, F9 (Flyball, 9D, EV 96.9 MPH) Runner from 3rd tags up, SCORES, no throw by RF Josh Dalton to third
|
|
Batting: RHB Jason Birge
|
0-0: Ball 1-0: Called Strike 1-1: Ball 2-1: Ground out 5-3 (Groundball, 56, EV 102.5 MPH)
|
| Bottom of the 4th over - 4 runs, 4 hits, 0 errors, 2 left on base; Roswell 0 - Joplin 10 |
| TOP OF THE 5TH |
|
Roswell Invaders batting - Pitching for Joplin Blasters : RHP Ryan Crump
|
|
Batting: RHB Josh Burrows
|
0-0: Called Strike 0-1: Swinging Strike 0-2: Strikes out swinging
|
|
Batting: LHB Josh Thomas
|
0-0: Fly out, F7 (Flyball, 78M, EV 79.4 MPH)
|
|
Batting: RHB Cody Savastand
|
0-0: Fly out, F8 (Flyball, 8RD, EV 86.9 MPH)
|
| Top of the 5th over - 0 runs, 0 hits, 0 errors, 0 left on base; Roswell 0 - Joplin 10 |
| BOTTOM OF THE 5TH |
|
Joplin Blasters batting - Pitching for Roswell Invaders : RHP Vinny Segura
|
|
Pitching: LHP Jeff Haight
|
|
|
Batting: LHB Mike Bhatti
|
0-0: Foul Ball, location: 2F 0-1: Ball 1-1: SINGLE (Line Drive, 4D, EV 101.2 MPH)
|
|
Batting: RHB Carlos Santoni
|
0-0: Swinging Strike 0-1: Foul Ball, location: 2F 0-2: Foul Ball, location: 2F 0-2: Ball 1-2: Ball 2-2: Ball 3-2: Foul Ball, location: 2F 3-2: Base on Balls Mike Bhatti to second
|
|
Batting: RHB Dave Saldana
|
0-0: Fly out, F5 (Line Drive, 5, EV 68.1 MPH)
|
|
Batting: LHB David Bearden
|
0-0: Ball 1-0: Ball 2-0: Ball 3-0: Called Strike 3-1: Base on Balls Mike Bhatti to third Carlos Santoni to second
|
|
Batting: RHB Bobby Matyas
|
0-0: Ball 1-0: Ball 2-0: Swinging Strike 2-1: Fly out, F8 (Flyball, 8LM, EV 87.5 MPH) Runner from 3rd tags up, SCORES, throw by CF
|
|
Pitching: RHP Jaylen Hatten
|
|
|
Batting: LHB Josh Dalton
|
0-0: Called Strike 0-1: Foul Ball, location: 2F 0-2: Ground out 4-3 (Groundball, 34, EV 80.6 MPH)
|
| Bottom of the 5th over - 1 run, 1 hit, 0 errors, 2 left on base; Roswell 0 - Joplin 11 |
| TOP OF THE 6TH |
|
Roswell Invaders batting - Pitching for Joplin Blasters : RHP Ryan Crump
|
|
Batting: LHB Afanasy Apatenko
|
0-0: Foul Ball, location: 2F 0-1: Ball 1-1: Foul Ball, location: 2F 1-2: Strikes out swinging
|
|
Batting: LHB Falco van Koeveringe
|
0-0: Ball 1-0: Ball 2-0: Called Strike 2-1: Called Strike 2-2: Fly out, F4 (Popup, 4, EV 68.1 MPH)
|
|
Batting: RHB Orlando Florez
|
0-0: Called Strike 0-1: Swinging Strike 0-2: Ball 1-2: Ball 2-2: Strikes out swinging
|
| Top of the 6th over - 0 runs, 0 hits, 0 errors, 0 left on base; Roswell 0 - Joplin 11 |
| BOTTOM OF THE 6TH |
|
Joplin Blasters batting - Pitching for Roswell Invaders : RHP Jaylen Hatten
|
|
Batting: SHB Sean Hill
|
0-0: Foul Ball, location: 2F 0-1: Swinging Strike 0-2: Ball 1-2: Ball 2-2: SINGLE (Line Drive, 89S, EV 91.9 MPH)
|
|
Batting: RHB Justin Goff
|
0-0: Swinging Strike 0-1: SINGLE (Groundball, 34D, EV 97.5 MPH) Sean Hill to second
|
|
Batting: RHB Jason Birge
|
0-0: Called Strike 0-1: Ball 1-1: Ball 2-1: Called Strike 2-2: Foul Ball, location: 2F 2-2: Strikes out swinging
|
|
Batting: LHB Mike Bhatti
|
0-0: Ball 1-0: Called Strike 1-1: Ball 2-1: Ball 3-1: Foul Ball, location: 2F 3-2: Foul Ball, location: 2F 3-2: Foul Ball, location: 2F 3-2: Strikes out looking
|
|
Pitching: LHP Travis Osorio
|
|
|
Batting: RHB Carlos Santoni
|
0-0: Foul Ball, location: 2F 0-1: Ball 1-1: Ball 2-1: Foul Ball, location: 2F 2-2: SINGLE (Groundball, 4MD, EV 102.5 MPH) Sean Hill to third Justin Goff to second Runner from 3rd tries for Home, SAFE, throw by CF to home
|
|
Batting: RHB Dave Saldana
|
0-0: Ball 1-0: Ball 2-0: Ball 3-0: Called Strike 3-1: SINGLE (Groundball, 6MD, EV 103.1 MPH) Justin Goff to third Carlos Santoni to second Runner from 3rd tries for Home, SAFE, throw by CF to home
|
|
Batting: LHB David Bearden
|
0-0: Foul Ball, location: 2F 0-1: Called Strike 0-2: Ball 1-2: Ground out 3-1 (Groundball, 34, EV 81.9 MPH)
|
| Bottom of the 6th over - 2 runs, 4 hits, 0 errors, 2 left on base; Roswell 0 - Joplin 13 |
| TOP OF THE 7TH |
|
Roswell Invaders batting - Pitching for Joplin Blasters : RHP Ryan Crump
|
|
Batting: SHB Ethan Newby
|
0-0: Ball 1-0: Swinging Strike 1-1: Ball 2-1: Ball 3-1: Ground out 6-3 (Groundball, 56, EV 86.9 MPH)
|
|
Pitching: RHP Gary Ackerman
|
|
|
Batting: LHB Dallas Kelly
|
0-0: Called Strike 0-1: Called Strike 0-2: Strikes out looking
|
|
Batting: RHB Mike Swift
|
0-0: Called Strike 0-1: Ball 1-1: Ground out U3 (Groundball, 34, EV 86.2 MPH)
|
| Top of the 7th over - 0 runs, 0 hits, 0 errors, 0 left on base; Roswell 0 - Joplin 13 |
| BOTTOM OF THE 7TH |
|
Joplin Blasters batting - Pitching for Roswell Invaders : LHP Travis Osorio
|
|
Batting: RHB Bobby Matyas
|
0-0: Ball 1-0: Fly out, F9 (Flyball, 9LM, EV 90.0 MPH)
|
|
Batting: LHB Josh Dalton
|
0-0: Called Strike 0-1: Called Strike 0-2: Ball 1-2: Ground out 4-3 (Groundball, 34D, EV 86.9 MPH)
|
|
Pitching: LHP Henry Torres
|
|
|
Batting: SHB Sean Hill
|
0-0: Called Strike 0-1: Ball 1-1: Ball 2-1: Ground out 6-3 (Groundball, 6, EV 86.9 MPH)
|
| Bottom of the 7th over - 0 runs, 0 hits, 0 errors, 0 left on base; Roswell 0 - Joplin 13 |
| TOP OF THE 8TH |
|
Roswell Invaders batting - Pitching for Joplin Blasters : RHP Gary Ackerman
|
|
Batting: RHB Josh Burrows
|
0-0: Foul Ball, location: 2F 0-1: Called Strike 0-2: SINGLE (Groundball, 4S, EV 62.5 MPH) (infield hit)
|
|
Batting: LHB Josh Thomas
|
0-0: SINGLE (Groundball, 34D, EV 106.2 MPH) Josh Burrows to second
|
|
Batting: RHB Cody Savastand
|
0-0: Bunted foul 0-1: Sac Bunt to P - play at first, batter OUT! 1-4 Josh Burrows to third Josh Thomas to second
|
|
Batting: LHB Afanasy Apatenko
|
0-0: Foul Ball, location: 2F 0-1: Ball 1-1: Ball 2-1: Swinging Strike 2-2: Ball 3-2: Strikes out swinging
|
|
Batting: LHB Falco van Koeveringe
|
0-0: Foul Ball, location: 2F 0-1: Ball 1-1: Ball 2-1: Foul Ball, location: 2F 2-2: Strikes out swinging
|
| Top of the 8th over - 0 runs, 2 hits, 0 errors, 2 left on base; Roswell 0 - Joplin 13 |
| BOTTOM OF THE 8TH |
|
Joplin Blasters batting - Pitching for Roswell Invaders : LHP Henry Torres
|
|
Batting: RHB Justin Goff
|
0-0: Ball 1-0: Ball 2-0: Foul Ball, location: 2F 2-1: Ball 3-1: Base on Balls
|
|
Batting: RHB Jason Birge
|
0-0: Ball 1-0: Fly out, F9 (Flyball, 9D, EV 101.2 MPH)
|
|
Batting: SHB Ryoji Hiraoka
|
0-0: Ball 1-0: Fly out, F8 (Flyball, 8LM, EV 88.1 MPH)
|
|
Batting: RHB Carlos Santoni
|
0-0: Ball 1-0: Swinging Strike 1-1: Ball 2-1: Ball 3-1: Fly out, F9 (Flyball, 9LS, EV 85.6 MPH)
|
| Bottom of the 8th over - 0 runs, 0 hits, 0 errors, 1 left on base; Roswell 0 - Joplin 13 |
| TOP OF THE 9TH |
|
Roswell Invaders batting - Pitching for Joplin Blasters : RHP Gary Ackerman
|
|
Batting: RHB Orlando Florez
|
0-0: Called Strike 0-1: Ball 1-1: Ball 2-1: Ball 3-1: Called Strike 3-2: Strikes out swinging
|
|
Batting: SHB Ethan Newby
|
0-0: Ball 1-0: Ball 2-0: Foul Ball, location: 2F 2-1: Swinging Strike 2-2: Ball 3-2: Fly out, F7 (Flyball, 7S, EV 88.1 MPH)
|
|
Batting: LHB Dallas Kelly
|
0-0: Called Strike 0-1: Called Strike 0-2: Foul Ball, location: 2F 0-2: Ball 1-2: SINGLE (Line Drive, 6D, EV 100.6 MPH)
|
|
Batting: RHB Mike Swift
|
0-0: Ball 1-0: Ball 2-0: Ball 3-0: Called Strike 3-1: Foul Ball, location: 2F 3-2: SINGLE (Line Drive, 89S, EV 105.0 MPH) Dallas Kelly to second Dallas Kelly to third
|
|
Pitching: RHP Bryan Kiefer
|
|
|
Batting: RHB Josh Burrows
|
0-0: Swinging Strike 0-1: Called Strike 0-2: Ball 1-2: Strikes out looking
|
| Top of the 9th over - 0 runs, 2 hits, 0 errors, 2 left on base; Roswell 0 - Joplin 13 |
|